 Dungeon Crawl Stone Soup version 0.25-a0-341-g6f074c887a (webtiles) character file.

Game seed: 7176747493028060327, levelgen mode: classic

372001 Borgoz the Warrior (level 22, -18/150 HPs)
             Began as a Gargoyle Gladiator on Dec 30, 2019.
             Was the Champion of Ashenzari.
             Killed by the air
             ... invoked by a titan
              (32 damage)
             ... on level 5 of the Vaults on Dec 31, 2019.
             The game lasted 01:54:54 (49538 turns).

Borgoz the Warrior (Gargoyle Gladiator)            Turns: 49538, Time: 01:54:55

Health: -18/150    AC: 47    Str: 34    XL:     22   Next: 68%
Magic:  27/27      EV: 29    Int: 13    God:    Ashenzari [******]
Gold:   3349       SH:  9    Dex: 26    Spells: 25/28 levels left

rFire    + + .     SeeInvis +   b - +6 morningstar of Kathas {holy, +Fly rF+}
rCold    + . .     Gourm    +   h - +2 buckler
rNeg     + + .     Faith    .   C - +5 chain mail "Kaylourph" {rC+ Dex+7}
rPois    ∞         Spirit   .   e - +2 hat
rElec    +         Reflect  .   M - +0 cloak
rCorr    .         Harm     .   i - +1 pair of gloves {Str+3}
MR       +....     Clarity  +   m - +2 pair of boots of Dycyaso {rPois Int+4}
Stlth    ..........             g - amulet of Vaononuni {Gourm rN+ Str+5 SInv Stlth-}
HPRegen  0.35/turn              c - ring of protection from fire
MPRegen  0.20/turn              u - ring of Buajunel {+Blink Str+3 Int-2 Stlth-}

@: agile, flying, hasted, very quick
A: big wings, negative energy resistance 1, electricity resistance, unbreathing,
petrification resistance, rot immunity, AC +16
}: 2/15 runes: serpentine, barnacled
a: Stop Flying, Curse Item, Scrying, Transfer Knowledge, Renounce Religion,
Evoke Blink


You were on level 5 of the Vaults.
You worshipped Ashenzari.
Ashenzari was exalted by your worship.
You were very full.

You visited 7 branches of the dungeon, and saw 37 of its levels.
You also visited: Gauntlet.

You collected 4350 gold pieces.
You spent 1001 gold pieces at shops.

Inventory:

Hand Weapons
 a - a +6 dire flail of crushing
 b - the +6 morningstar of Kathas (weapon) {holy, +Fly rF+}
   (You found it on level 4 of the Shoals)

   It has been blessed by the Shining One to cause great damage to the undead
   and demons.
   It protects you from fire.
   It lets you fly.
Missiles
 w - a throwing net (quivered)
Armour
 d - +0 gold dragon scales
 e - a +2 hat (worn)
 h - a +2 buckler (worn)
 i - a +1 pair of gloves of strength (worn)
 m - the +2 pair of boots of Dycyaso (worn) {rPois Int+4}
   (You bought it in a shop on level 2 of the Orcish Mines)

   It affects your intelligence (+4).
   It protects you from poison.
 C - the +5 chain mail "Kaylourph" (worn) {rC+ Dex+7}
   (You took it off a minotaur in a Gauntlet)

   It affects your dexterity (+7).
   It protects you from cold.
 H - the +1 leather armour "Roap" {+Inv rF+ rC+}
   (You found it on level 2 of the Vaults)

   It protects you from fire.
   It protects you from cold.
   It lets you turn invisible.
 M - a +0 cloak (worn)
Jewellery
 c - a ring of protection from fire (left hand)
 g - the amulet of Vaononuni (around neck) {Gourm rN+ Str+5 SInv Stlth-}
   (You found it on level 1 of the Lair of Beasts)

   [amulet of the gourmand]

   It allows you to eat raw meat even when not hungry.
   It affects your strength (+5).
   It protects you from negative energy.
   It lets you see invisible.
   It makes you less stealthy.
 u - the ring of Buajunel (right hand) {+Blink Str+3 Int-2 Stlth-}
   (You found it in a Gauntlet)

   [ring of attention]

   It affects your strength (+3).
   It affects your intelligence (-2).
   It lets you blink.
   It makes you less stealthy.
 y - an uncursed ring of resist corrosion
 A - an uncursed ring of protection from fire
Wands
 j - a wand of clouds (6)
 n - a wand of scattershot (10)
 r - a wand of digging (6)
 s - a wand of polymorph (7)
 x - a wand of paralysis (41)
 z - a wand of iceblast (30)
 D - a wand of disintegration (90)
 K - a wand of flame (26)
 N - a wand of acid (10)
Scrolls
 l - 12 scrolls of teleportation
 o - 12 scrolls of fear
 t - 4 scrolls of identify
 v - 2 scrolls of silence
 I - 2 scrolls of blinking
 J - 4 scrolls of remove curse
 O - a scroll of summoning
 P - a scroll of holy word
 Y - 2 scrolls of fog
Potions
 k - 4 potions of cancellation
 p - 2 potions of resistance
 q - 3 potions of brilliance
 B - 3 potions of agility
 G - 11 potions of curing
 L - a potion of lignification
 R - a potion of mutation
 S - 8 potions of haste
Comestibles
 f - 52 rations


   Skills:
 + Level 19.6 Fighting
 + Level 19.5 Maces & Flails
 - Level 1.7 Throwing
 + Level 19.5 Armour
 + Level 15.9 Dodging
 - Level 5.0 Shields
 + Level 3.6 Spellcasting
 + Level 3.6 Translocations
 - Level 5.0 Evocations


You had 25 spell levels left.
You knew the following spells:

 Your Spells              Type           Power        Failure   Level  Hunger
a - Confusing Touch       Hex            #.....       47%         1    #......
b - Blink                 Tloc           N/A          17%         2    ##.....

Your spell library contained the following spells:

 Spells                   Type           Power        Failure   Level  Hunger
 Apportation              Tloc           ##....       12%         1    #......
 Lesser Beckoning         Tloc           ##........   34%         3    ###....
 Animate Skeleton         Necr           N/A          47%         1    #......
 Corona                   Hex            #......      47%         1    #......
 Foxfire                  Conj/Fire      #...         47%         1    #......
 Freeze                   Ice            #...         47%         1    #......
 Magic Dart               Conj           #...         47%         1    #......
 Pain                     Necr           #...         47%         1    #......
 Summon Butterflies       Summ           #.......     47%         1    #......
 Summon Small Mammal      Summ           #...         47%         1    #......
 Recall                   Summ/Tloc      N/A          58%         3    ###....
 Call Imp                 Summ           #.......     63%         2    ##.....
 Ensorcelled Hibernation  Hex/Ice        #.....       63%         2    ##.....
 Slow                     Hex            #.......     63%         2    ##.....
 Confuse                  Hex            #.......     85%         3    ###....
 Conjure Flame            Conj/Fire      #.......     85%         3    ###....
 Dazzling Flash           Conj/Hex       #.....       85%         3    ###....
 Ignite Poison            Fire/Tmut/Pois #.......     85%         3    ###....
 Mephitic Cloud           Conj/Pois/Air  #.......     85%         3    ###....
 Ozocubu's Armour         Chrm/Ice       #.......     85%         3    ###....
 Regeneration             Chrm/Necr      #.........   85%         3    ###....
 Tukima's Dance           Hex            #.......     85%         3    ###....
 Vampiric Draining        Necr           #.........   85%         3    ###....
 Animate Dead             Necr           N/A          99%         4    #####..
 Cause Fear               Hex            #.........   99%         4    #####..
 Hailstorm                Conj/Ice       #.......     99%         4    #####..
 Ice Form                 Ice/Tmut       #.......     99%         4    #####..
 Petrify                  Tmut/Erth      #.......     99%         4    #####..
 Summon Ice Beast         Ice/Summ       #.......     99%         4    #####..
 Alistair's Intoxication  Tmut/Pois      #.......     100%        5    ######.
 Borgnjor's Vile Clutch   Necr/Erth      #.........   100%        5    ######.
 Irradiate                Conj/Tmut      #.........   100%        5    ######.
 Silence                  Hex/Air        #.........   100%        5    ######.
 Yara's Violent Unravell  Hex/Tmut       #.........   100%        5    ######.
 Death Channel            Necr           #.........   100%        6    #######
 Deflect Missiles         Chrm/Air       #.........   100%        6    #######
 Eringya's Noxious Bog    Tmut/Pois      #.........   100%        6    #######
 Hydra Form               Tmut           #.........   100%        6    #######
 Invisibility             Hex            #.......     100%        6    #######
 Simulacrum               Ice/Necr       #.........   100%        6    #######
 Dragon Form              Tmut           #.........   100%        7    #######
 Chain Lightning          Conj/Air       #.........   100%        8    #######
 Discord                  Hex            #.........   100%        8    #######
 Lehudib's Crystal Spear  Conj/Erth      #.........   100%        8    #######
 Dragon's Call            Summ           #.........   100%        9    #######
 Fire Storm               Conj/Fire      #.........   100%        9    #######
 Glaciate                 Conj/Ice       #.........   100%        9    #######
 Sublimation of Blood     Necr           Unusable     N/A         2    N/A
 Statue Form              Tmut/Erth      Unusable     N/A         6    N/A

Dungeon Overview and Level Annotations

Branches:
Dungeon (15/15)            Temple (1/1) D:7            Lair (6/6) D:11
 Shoals (4/4) Lair:3        Snake (4/4) Lair:2        Slime (0/5) Lair:5
    Orc (2/2) D:12            Elf (0/3) Orc:2        Vaults (5/5) D:13
  Crypt (0/3) Vaults:3     Depths (0/5) D:15        Gauntlet (visited)

Altars:
Ashenzari
Cheibriados
Dithmenos
Elyvilon
Fedhas
Gozag
Hepliaklqana
Kikubaaqudgha
Makhleb
Nemelex Xobeh
Okawaru
Qazlal
Ru
Sif Muna
Trog
Uskayaw
Vehumet
Wu Jian
Xom
Yredelemnul
Zin
The Shining One

Shops:
Orc:1 !   Orc:2 [*[[   Vaults:1 [   Vaults:2 =

Portals:
Hell: Lair:6


Innate Abilities, Weirdness & Mutations

You are resistant to torment.
Your stone body is resilient. (AC +16)
You are immune to poison.
Your large and strong wings let you fly indefinitely.
You resist negative energy. (rN+)
You are resistant to electric shocks. (rElec)
You can survive without breathing.
You are immune to petrification.
You are immune to rotting.


Message History

The titan completely misses you.
You bludgeon the deep elf annihilator!!
The deep elf annihilator is almost dead.
The yaktaur misses you.
The titan waves its arms in wide circles.
The air twists around and violently strikes you in flight!!
* * * LOW HITPOINT WARNING * * *
The deep elf annihilator misses you.
Okay, then.
You hit the deep elf annihilator but do no damage.
The deep elf annihilator is almost dead.
You block the yaktaur's attack.
You puncture the deep elf annihilator!
You kill the deep elf annihilator!
The titan completely misses you.
You feel yourself speed up.
The yaktaur hits you but does no damage.
The titan waves its arms in wide circles.
The air twists around and violently strikes you in flight!!
You die... * ** ** *** , , ,,,, ,,,........# ,, , ,,,.......# , ,,,,, ,,......# ,,,,, ,, .....# * *** ** **cDCC# , , , , , ,cDH#

* ***,
* ,
*{{#Cc#
,* *
*,*
{#@†# *
* * * *
#).# ,,
, ,, ,
#..# **
**
*,#..#
, ,
,,**
*,#..#
**,* ,
** #..#
, ,, *
,,
,#..# ,
, , ,
*,#..#
,, ,
,*, ,
#..#


You could see 2 shadow dragons, 2 titans, a sphinx, a stone giant and 3
yaktaurs.

Vanquished Creatures
  Mara (Vaults:3)
  Sojobo (Vaults:3)
  Saint Roka (Snake:2)
  3 golden dragons (Vaults:5)
  Nikola (Vaults:3)
  A tentacled monstrosity (Vaults:5)
  A titan (Vaults:4)
  A quicksilver dragon (Vaults:4)
  Agnes (D:15)
  A storm dragon (Vaults:4)
  Kirke (D:15)
  7 tengu reavers
  A shadow dragon (Vaults:5)
  Roxanne (Shoals:2)
  10 nagarajas
  9 vault wardens
  2 orc warlords
  2 frost giants
  Louise (D:15)
  Aizul (Vaults:2)
  A ghoul (Vaults:4)
  10 ironheart preservers
  An entropy weaver (Vaults:2)
  7 stone giants
  A dire elephant (D:15)
  A deep elf annihilator (Vaults:5)
  6 merfolk javelineers (Shoals:4)
  2 minotaurs
  3 ettins
  13 ogre magi
  A deep elf high priest (Vaults:4)
  5 yaktaur captains
  A great orb of eyes (Vaults:2)
  9 merfolk impalers
  2 fire dragons
  9 hydras
  2 rakshasas
  An anaconda (shapeshifter) (Vaults:1)
  3 ice dragons
  2 alligator snapping turtles (Shoals:4)
  5 merfolk avatars
  26 vault guards
  A death knight (Vaults:4)
  12 naga warriors
  The ghost of bmj180 the Grappler, a journeyman VSBe of Trog (D:12)
  A catoblepas (Lair:2)
  7 centaur warriors
  12 anacondas
  The ghost of obsidianmage the Slasher, a novice DrVM of Xom (Lair:1)
  47 two-headed ogres
  A deep troll shaman (Vaults:3)
  2 satyrs (Shoals:4)
  7 naga sharpshooters
  4 shock serpents
  2 orc high priests
  Nergalle (Lair:3)
  Sonja (Lair:3)
  10 death yaks
  3 deep elf knights (Vaults:4)
  2 salamander mystics
  28 sea snakes
  6 deep trolls
  A skeletal warrior (Vaults:4)
  2 glowing orange brains
  4 unseen horrors
  A sixfirhy (Lair:6)
  3 wizards
  2 kraken simulacra (Shoals:4)
  11 orc knights
  13 ironbrand convokers
  5 naga ritualists
  A phantasmal warrior (Vaults:3)
  Pikel (D:5)
  8 deep elf archers
  2 wolf spiders
  22 harpies
  11 deep elf magi
  5 mana vipers
  28 ugly things
  An oklob plant (Lair:4)
  A faun (Shoals:3)
  7 orc sorcerers
  6 cyclopes
  9 slime creatures
  8 salamanders
  7 manticores
  2 moths of wrath (Lair:1)
  31 black mambas
  11 guardian serpents
  13 naga magi
  5 merfolk sirens
  An eye of devastation (shapeshifter) (Vaults:5)
  A gargoyle (D:14)
  14 vault sentinels
  9 elephants
  2 orange demons (Lair:6)
  A smoke demon (Gauntlet)
  9 water nymphs
  15 spiny frogs
  2 torpor snails
  2 kobold demonologists
  A yaktaur (shapeshifter) (D:13)
  3 centaur skeletons
  8 rime drakes
  18 yaktaurs
  5 freezing wraiths
  5 komodo dragons
  2 ice devils (Lair:6)
  A hellwing (Lair:6)
  2 red devils
  A jumping spider (Vaults:2)
  A queen bee (D:10)
  9 trolls
  20 merfolk
  7 hornets
  3 polar bears
  4 wind drakes
  18 blink frogs
  A hippogriff (shapeshifter) (D:13)
  12 hippogriffs
  A dream sheep (shapeshifter) (Vaults:3)
  15 dream sheep
  7 snapping turtles
  3 redbacks (Vaults:2)
  Sigmund (D:3)
  A shadow (D:12)
  2 redbacks (shapeshifter)
  6 wyverns
  A vampire (D:12)
  A hog (D:15)
  7 basilisks
  43 yaks
  3 water elementals
  A human (D:10)
  A wraith (D:12)
  A golden eye (shapeshifter) (Vaults:2)
  4 vampire mosquitoes (D:14)
  2 hungry ghosts (D:10)
  A warg (shapeshifter) (Vaults:3)
  Menkaure (D:4)
  Edmund (D:5)
  62 nagas
  6 wargs
  A soldier ant (D:14)
  A soldier ant (shapeshifter) (Vaults:4)
  5 hell hounds (Lair:6)
  13 water moccasins
  11 porcupines
  4 black bears
  45 orc warriors
  4 sky beasts
  An orc zombie (Vaults:1)
  2 ice beasts
  2 phantoms
  4 slaves
  A wolf (shapeshifter) (Vaults:4)
  4 boggarts (D:15)
  35 ogres
  A boggart (shapeshifter) (Vaults:4)
  20 centaurs
  17 crocodiles
  7 big kobolds
  Blork the orc (D:4)
  18 bullfrogs
  A wyvern zombie (D:10)
  A human skeleton (Vaults:1)
  5 scorpions
  2 water moccasin skeletons
  19 killer bees
  11 wights
  3 howler monkeys
  4 electric eels
  11 crimson imps
  7 hounds
  2 bullfrog zombies
  A centaur zombie (D:11)
  47 orc wizards
  A wyvern simulacrum (Gauntlet)
  7 jellies
  26 orc priests
  5 bullfrog skeletons
  Ijyb (D:3)
  15 iguanas
  8 worker ants
  A centaur simulacrum (Gauntlet)
  2 bullfrog simulacra (Gauntlet)
  2 hound skeletons
  4 worker ant zombies
  A howler monkey skeleton (D:4)
  4 gnolls (D:4)
  12 adders
  4 shadow imps
  7 oozes
  An adder zombie (D:5)
  2 adder skeletons
  A worm (shapeshifter) (Vaults:5)
  2 worms (D:3)
  6 dart slugs
  11 leopard geckos
  126 orcs
  5 ball pythons
  7 bats
  5 giant cockroaches
  9 goblins
  7 hobgoblins
  7 jackals
  39 kobolds
  6 quokkas
  16 frilled lizards
  A leopard gecko skeleton (D:5)
  A leopard gecko zombie (D:8)
  3 quokka skeletons
  A quokka zombie (D:7)
  10 rats
  2 crawling corpses (Vaults:5)
  A plant (Snake:3)
  2 tentacles (Shoals:4)
1558 creatures vanquished.

Vanquished Creatures (others)
  A wizard (Vaults:3)
  2 necromancers
  A black mamba (Snake:3)
  3 humans (D:15)
  A naga (Snake:2)
  3 orc warriors
  A crocodile (Lair:3)
  An orc wizard (Vaults:2)
  4 orcs (Vaults:2)
  A frilled lizard (Lair:3)
  9 fungi
  12 plants
  14 tentacles (Shoals:4)
  A withered plant (Gauntlet)
54 creatures vanquished.

Grand Total: 1612 creatures vanquished

Notes
Turn   | Place    | Note
-------+----------+-------------------------------------------
     0 | D:1      | Borgoz the Gargoyle Gladiator began the quest for the Orb.
     0 | D:1      | Reached XP level 1. HP: 12/12 MP: 1/1
    82 | D:1      | Reached XP level 2. HP: 14/18 MP: 2/2
   236 | D:1      | Reached skill level 1 in Armour
   245 | D:1      | Reached XP level 3. HP: 9/22 MP: 3/3
  1549 | D:2      | Reached XP level 4. HP: 26/27 MP: 4/4
  1852 | D:2      | Found a faded altar of an unknown god.
  2104 | D:2      | Found a snail-covered altar of Cheibriados.
  2363 | D:3      | Reached XP level 5. HP: 28/32 MP: 5/5
  2404 | D:3      | Noticed Sigmund
  2419 | D:3      | Killed Sigmund
  2419 | D:3      | Reached XP level 6. HP: 32/37 MP: 6/6
  2557 | D:3      | Reached skill level 5 in Maces & Flails
  2904 | D:3      | Noticed Ijyb
  2911 | D:3      | Killed Ijyb
  3318 | D:3      | Reached XP level 7. HP: 22/43 MP: 7/7
  3605 | D:4      | Noticed Menkaure
  3631 | D:4      | Killed Menkaure
  4274 | D:4      | Reached XP level 8. HP: 38/48 MP: 8/8
  4353 | D:4      | Noticed Blork the orc
  4377 | D:4      | Killed Blork the orc
  4412 | D:4      | Noticed Edmund
  4423 | D:5      | Entered Level 5 of the Dungeon
  4429 | D:5      | Killed Edmund
  4429 | D:5      | Reached skill level 5 in Fighting
  5152 | D:5      | Noticed Pikel
  5385 | D:5      | Reached skill level 5 in Armour
  5562 | D:5      | Found a white marble altar of Elyvilon.
  5563 | D:5      | Found a blossoming altar of Fedhas.
  5887 | D:5      | Killed Pikel
  5887 | D:5      | Reached skill level 5 in Dodging
  5887 | D:5      | Reached XP level 9. HP: 31/55 MP: 9/9
  6216 | D:6      | Found an ornate altar of the Wu Jian Council.
  7120 | D:7      | Found a sparkling altar of Nemelex Xobeh.
  7149 | D:7      | Reached XP level 10. HP: 63/63 MP: 10/10
  7312 | D:7      | Found a staircase to the Ecumenical Temple.
  7420 | Temple   | Entered the Ecumenical Temple
  7468 | Temple   | Became a worshipper of Ashenzari the Shackled
  8151 | D:8      | Reached skill level 10 in Maces & Flails
  8886 | D:8      | Found a stormy altar of Qazlal.
  8886 | D:8      | Found an opulent altar of Gozag.
  9139 | D:9      | Noticed a two-headed ogre
  9435 | D:9      | Found a glowing silver altar of Zin.
  9553 | D:9      | Killed a two-headed ogre
  9695 | D:10     | Entered Level 10 of the Dungeon
  9774 | D:10     | Reached * piety under Ashenzari
  9789 | D:10     | Reached XP level 11. HP: 66/69 MP: 11/11
 10895 | D:10     | Killed an unseen horror
 11286 | D:11     | Noticed a cyan ugly thing
 11298 | D:11     | Killed a cyan ugly thing
 11417 | D:11     | Noticed a two-headed ogre
 11431 | D:11     | Killed a two-headed ogre
 11528 | D:11     | Reached ** piety under Ashenzari
 11764 | D:11     | Found a staircase to the Lair.
 11911 | D:12     | Killed an unseen horror
 11935 | D:12     | Killed an unseen horror
 11970 | D:12     | Learned a level 1 spell: Confusing Touch
 12054 | D:12     | Reached XP level 12. HP: 70/76 MP: 12/12
 12192 | D:12     | Noticed bmj180's ghost (journeyman VSBe)
 12193 | D:12     | Noticed a minotaur
 12220 | D:12     | Found a runed translucent gate.
 12220 | D:12     | Found a runed translucent gate.
 12221 | D:12     | Found a runed translucent gate.
 12348 | D:12     | Noticed a two-headed ogre
 12358 | D:12     | Killed a two-headed ogre
 12443 | D:12     | Reached skill level 10 in Fighting
 12448 | D:12     | Found a staircase to the Orcish Mines.
 12874 | D:13     | Noticed a centaur warrior
 12888 | D:13     | Killed a centaur warrior
 12888 | D:13     | Reached skill level 10 in Armour
 13109 | D:13     | Found a gate to the Vaults.
 13109 | D:13     | Noticed a vault guard
 13109 | D:13     | Noticed a vault guard
 13109 | D:13     | Noticed a vault guard
 13117 | D:13     | Noticed a vault guard
 13184 | D:14     | Killed a vault guard
 13389 | D:14     | Noticed a two-headed ogre
 13390 | D:14     | Noticed a two-headed ogre
 13399 | D:14     | Killed a two-headed ogre
 13410 | D:14     | Killed a two-headed ogre
 13664 | D:14     | Found a hide-covered altar of Uskayaw.
 13802 | D:13     | Reached XP level 13. HP: 56/84 MP: 13/13
 13970 | D:13     | Killed a vault guard
 14252 | D:13     | Killed a vault guard
 14373 | D:13     | Reached *** piety under Ashenzari
 15193 | D:14     | Noticed a rakshasa
 15211 | D:14     | Killed a rakshasa
 15408 | D:15     | Entered Level 15 of the Dungeon
 15430 | D:15     | Found a basalt altar of Yredelemnul.
 16043 | D:15     | Found a staircase to the Depths.
 16043 | D:15     | Noticed a dire elephant
 16079 | D:15     | Killed a dire elephant
 16220 | D:15     | Noticed Louise
 16250 | D:15     | Killed Louise
 16279 | D:15     | Gained mutation: Your large and strong wings let you fly
                  | indefinitely. [Gargoyle growth]
 16279 | D:15     | Reached XP level 14. HP: 77/92 MP: 14/14
 16351 | D:15     | Noticed Agnes
 16370 | D:15     | Killed Agnes
 16370 | D:15     | Reached skill level 10 in Dodging
 16671 | D:15     | Noticed Kirke
 16701 | D:15     | Killed Kirke
 16706 | D:15     | Noticed a purple very ugly thing
 17365 | D:12     | Killed bmj180's ghost
 17570 | Lair:1   | Entered Level 1 of the Lair of Beasts
 17593 | Lair:1   | Found a transporter.
 17595 | Lair:1   | Noticed obsidianmage's ghost (novice DrVM)
 17597 | Lair:1   | Identified the amulet of Vaononuni {Gourm rN+ Str+5 SInv
                  | Stlth-}
 17842 | Lair:1   | Found a transporter.
 17998 | Lair:1   | Reached **** piety under Ashenzari
 18311 | Lair:2   | Found a staircase to the Snake Pit.
 19353 | Lair:3   | Found a gate leading to a gauntlet.
 19362 | Lair:3   | Noticed Sonja
 19375 | Lair:3   | Killed Sonja
 19415 | Gauntlet | Entered a Gauntlet
 19415 | Gauntlet | Found a transporter.
 19415 | Gauntlet | Found a transporter.
 19416 | Gauntlet | Found a transporter.
 19417 | Gauntlet | Found a transporter.
 19418 | Gauntlet | Found a transporter.
 19420 | Gauntlet | Found a transporter.
 19428 | Gauntlet | Found a transporter.
 19429 | Gauntlet | Found a transporter.
 19431 | Gauntlet | Found a transporter.
 19439 | Gauntlet | Found a transporter.
 19440 | Gauntlet | Found a transporter.
 19451 | Gauntlet | Identified the ring of Buajunel {+Blink Str+3 Int-2 Stlth-}
 19468 | Gauntlet | Found a transporter.
 19986 | Gauntlet | Identified the +5 chain mail "Kaylourph" {rC+ Dex+7}
 20253 | Lair:3   | Noticed Nergalle
 20271 | Lair:3   | Killed Nergalle
 20295 | Lair:3   | Reached ***** piety under Ashenzari
 20719 | Lair:3   | Reached XP level 15. HP: 95/99 MP: 15/15
 20826 | Lair:3   | Found a staircase to the Shoals.
 22580 | Lair:5   | Found a staircase to the Slime Pits.
 23303 | Lair:6   | Entered Level 6 of the Lair of Beasts
 23319 | Lair:6   | Reached skill level 15 in Maces & Flails
 24480 | Lair:6   | Found a burning altar of Makhleb.
 24532 | Lair:6   | Reached XP level 16. HP: 72/107 MP: 16/16
 24538 | Lair:6   | Found a gateway to Hell.
 24974 | Lair:1   | Killed obsidianmage's ghost
 25083 | Orc:1    | Entered Level 1 of the Orcish Mines
 25273 | D:12     | Learned a level 2 spell: Blink
 25582 | Orc:1    | Found Mezooc's Distillery.
 25615 | Orc:1    | Bought a potion of might for 68 gold pieces
 25615 | Orc:1    | Bought a potion of might for 68 gold pieces
 25615 | Orc:1    | Bought a potion of berserk rage for 85 gold pieces
 25796 | Orc:2    | Entered Level 2 of the Orcish Mines
 25826 | Orc:2    | Found a bloodstained altar of Trog.
 25981 | Orc:2    | Found a staircase to the Elven Halls.
 26125 | Orc:2    | Found Bihag's Assorted Antiques.
 26125 | Orc:2    | Found Finuvag's Armour Shop.
 26488 | Orc:2    | Found Zoushrase's Antique Armour Boutique.
 26491 | Orc:2    | Found Acin's Antique Armour Boutique.
 26502 | Orc:2    | Bought a spiked chain mail for 285 gold pieces
 26502 | Orc:2    | Identified the +10 chain mail of Daxkor {+Blink rElec rPois
                  | Int-5} (You bought it in a shop on level 2 of the Orcish
                  | Mines)
 26502 | Orc:2    | Bought a pair of twisted boots for 285 gold pieces
 26512 | Orc:2    | Identified the +2 pair of boots of Dycyaso {rPois Int+4}
                  | (You bought it in a shop on level 2 of the Orcish Mines)
 27167 | Shoals:1 | Entered Level 1 of the Shoals
 27212 | Shoals:1 | Reached ****** piety under Ashenzari
 27275 | Shoals:1 | Reached skill level 15 in Fighting
 27290 | Shoals:1 | Identified 2 scrolls of acquirement
 27355 | Lair:3   | Identified the cursed +5 halberd "Pag Edoeho" {pain, +Rage
                  | rC+ Dex+4} (You acquired it on level 3 of the Lair of
                  | Beasts)
 28328 | Shoals:1 | Reached skill level 15 in Armour
 28350 | Shoals:2 | Identified Roxanne's Grimoire of the Four Nights
 28350 | Shoals:2 | Noticed Roxanne
 29223 | Shoals:2 | Killed Roxanne
 30291 | Shoals:4 | Entered Level 4 of the Shoals
 30333 | Shoals:4 | Reached XP level 17. HP: 113/113 MP: 17/17
 30363 | Shoals:4 | Reached XP level 18. HP: 50/120 MP: 18/18
 32332 | Shoals:4 | Identified the +6 morningstar of Kathas {holy, +Fly rF+}
 32416 | Shoals:4 | Got a barnacled rune of Zot
 33354 | Orc:2    | Bought a scroll of identify for 60 gold pieces
 33354 | Orc:2    | Bought a potion of heal wounds for 150 gold pieces
 33542 | Snake:1  | Entered Level 1 of the Snake Pit
 33656 | Snake:1  | Reached skill level 1 in Shields
 33669 | Snake:1  | Reached skill level 1 in Evocations
 34035 | Snake:1  | Found a snail-covered altar of Cheibriados.
 35293 | Snake:2  | Found a glowing silver altar of Zin.
 35551 | Snake:2  | Noticed Saint Roka
 35585 | Snake:2  | Killed Saint Roka
 35833 | Snake:2  | Reached XP level 19. HP: 118/127 MP: 21/21
 37215 | Snake:4  | Entered Level 4 of the Snake Pit
 37761 | Snake:4  | Reached skill level 5 in Shields
 39134 | Snake:4  | Reached skill level 5 in Evocations
 39557 | Snake:4  | Got a serpentine rune of Zot
 39869 | Vaults:1 | Entered Level 1 of the Vaults
 39964 | Vaults:1 | Reached XP level 20. HP: 133/134 MP: 23/23
 40740 | Vaults:1 | Found Reclothri's Armour Emporium.
 41927 | Vaults:2 | Got the uncursed leather armour "Roap" {+Inv rF+ rC+}
 41938 | Vaults:2 | Noticed Aizul
 41961 | Vaults:2 | Killed Aizul
 42344 | Vaults:2 | Found Peff's Jewellery Boutique.
 43538 | Vaults:3 | Noticed Nikola
 43557 | Vaults:3 | Killed Nikola
 43557 | Vaults:3 | Reached XP level 21. HP: 127/141 MP: 24/24
 43586 | Vaults:3 | Noticed Mara
 43590 | Vaults:3 | Noticed Borgoz's illusion
 43618 | Vaults:3 | Noticed Sojobo
 43625 | Vaults:3 | Noticed Borgoz's illusion
 43901 | Vaults:3 | Noticed Borgoz's illusion
 43907 | Vaults:3 | Killed Mara
 43907 | Vaults:3 | Reached skill level 15 in Dodging
 43913 | Vaults:3 | Identified the +1 leather armour "Roap" {+Inv rF+ rC+} (You
                  | found it on level 2 of the Vaults)
 44236 | Vaults:3 | Found a staircase to the Crypt.
 44236 | Vaults:3 | Found an ancient bone altar of Kikubaaqudgha.
 44237 | Vaults:3 | Found a basalt altar of Yredelemnul.
 44481 | Vaults:3 | Killed Sojobo
 47308 | Vaults:5 | Entered Level 5 of the Vaults
 47317 | Vaults:4 | Reached XP level 22. HP: 147/149 MP: 25/25
 47492 | Vaults:4 | Reached skill level 1 in Spellcasting
 47494 | Vaults:4 | Reached skill level 1 in Translocations
 49098 | Vaults:5 | Noticed a golden dragon
 49111 | Vaults:5 | Killed a golden dragon
 49130 | Vaults:5 | Noticed a golden dragon
 49151 | Vaults:5 | Killed a golden dragon
 49175 | Vaults:5 | Identified the cursed +2 hunting sling "Koaloe" {freeze,
                  | rF- Int+3 Stlth+}
 49497 | Vaults:5 | Noticed a golden dragon
 49530 | Vaults:5 | Killed a golden dragon
 49538 | Vaults:5 | Killed from afar by a titan

Levels and vault maps discovered:
D:1:      dpeg_arrival_more_subterranean_lakeside_camping, layout_basic,
          hangedman_glass_teeth, minmay_pentomino_o4
D:2:      layout_basic, cheibriados_altar_1, first_ration,
          chequers_ecumenical_altar_island, kennysheep_nub
D:3:      layout_basic, moated_statue, kennysheep_pointless_box, uniq_sigmund,
          uniq_ijyb
D:4:      layout_basic, uniq_menkaure, uniq_edmund, uniq_blork_the_orc
D:5:      layout_loops_ring, minitemple, uniq_pikel
D:6:      layout_basic, old_standard_altar
D:7:      layout_basic, minmay_temple_entry_enclosed_plants,
          nemelex_spade_bored_becter
D:8:      layout_loops_corners, gammafunk_temple_overflow_wave
D:9:      layout_cave_pools, basic_altar
D:10:     layout_long_grid, special_room [special_room_bee], grunt_pizzeria
D:11:     layout_irregular_city, grunt_lair_entry_orc_guard_hut,
          grunt_ministairs_1
D:12:     layout_basic, orc_0_dummy, maelrawn_ghost_gauntlet_escape
D:13:     layout_roguey, lightli_vaults_fourway_checkpoint
D:14:     layout_roguey, basic_altar
D:15:     hangedman_depths_entry_try_elsewhere_first, layout_loops_ring,
          minmay_misc_feat_tower, basic_altar, chequers_garden, uniq_agnes,
          uniq_kirke, uniq_louise
Temple:   regret_index_temple_sphere_string
Lair:1:   layout_regular_city, gammafunk_ghost_berserking_beasts,
          chequers_serial_rivers_micro_b
Lair:2:   layout_roguey, minmay_snake_entry_guardpost_small
Lair:3:   lemuel_reptile_caves, layout_cave_pods, shoals_dummy_entry,
          gauntlet_entry_generic, grunt_megastairs_5, uniq_nergalle, uniq_sonja
Lair:4:   layout_roguey, grunt_megastairs_3, infiniplex_staircase_pool_2
Lair:5:   layout_cave_pods, nicolae_slime_entry_slimehenge, serial_bayou,
          serial_bayou_ford_a, serial_bayou_crossing, serial_bayou_pond_c,
          serial_bayou_shore_b
Lair:6:   evil_forest, layout_concentric_octagons
Shoals:1: layout_shoals
Shoals:2: layout_shoals, uniq_roxanne
Shoals:3: layout_shoals
Shoals:4: shoals_end_grunt_ice, layout_shoals
Snake:1:  layout_cave_pods, basic_altar, hangedman_snake_corridor_cut
Snake:2:  layout_misc_corridors, basic_altar, grunt_ministairs_1,
          uniq_saint_roka
Snake:3:  layout_rooms, serial_bayou_lake_a
Snake:4:  grunt_snake_rune_pools, layout_onion_interference, drop_trap,
          serial_bayou_shore_b
Orc:1:    layout_diamond_mine, serial_shops, nicolae_shop_stone
Orc:2:    st_orc_mages, layout_diamond_mine, basic_altar
Vaults:1: hangedman_vaults_stitches, dpeg_vaults_monster_box,
          nicolae_vaults_hallways_thing, nicolae_vaults_border_crossing,
          vaults_room_semicircle, nicolae_vaults_little_ls, grunt_vaults_focal,
          vaults_room_stairs_pillars, vaults_dpeg_hooks,
          nicolae_vaults_mini_display_case, v_misc_22,
          vaults_mumra_chevron_long, nicolae_vaults_little_squares_6,
          layout_vaults_big_room
Vaults:2: nicolae_vaults_know_your_exits, nicolae_vaults_back_hallway,
          v_alt_pattern_4, v_misc_22, nicolae_vaults_stairing_the_circle,
          vaults_standard_mumra_lines, hangedman_vaults_stagger,
          dpeg_vaults_monster_row, nicolae_vaults_asterisk,
          vaults_dpeg_diagonal, layout_vaults_omnibox, serial_shops, shop,
          uniq_aizul
Vaults:3: dpeg_vaults_waves, nicolae_vaults_little_squares_4,
          hangedman_vaults_hat, nicolae_vaults_theta,
          minmay_crypt_entry_necro_gods, hangedman_vaults_capsules, v_misc_13,
          v_misc_16, ontoclasm_vaults_gateway, vaults_room_door_ring,
          vaults_room_octagon, nicolae_vaults_network_periphery,
          nicolae_vaults_alarming, ontoclasm_vaults_twist, layout_vaults_ring,
          uniq_sojobo, uniq_mara, uniq_nikola
Vaults:4: ontoclasm_vaults_bender, nicolae_vaults_circle_grid_b,
          nicolae_vaults_ninety_degrees, v_misc_26,
          ontoclasm_vaults_ring_square, v_misc_18, st_more_cells,
          ontoclasm_vaults_loading_screen, nicolae_vaults_yaktaur_gun_rack,
          layout_vaults_quadrants
Vaults:5: serial_shops

Skill      XL: |  1  2  3  4  5  6  7  8  9 10 11 12 13 14 15 16 17 18 19 20 21 22 |
---------------+-------------------------------------------------------------------+-----
Armour         | 1 2 3 4 5 6 7 9 10 12 13 14 15 16 17 18 19 | 19.5
Fighting       | 3 4 6 7 8 9 11 12 13 14 15 16 17 18 19 | 19.6
Maces & Flails | 4 5 6 8 9 10 12 13 14 15 16 17 18 19 | 19.5
Dodging        | 3 4 5 6 7 8 9 10 11 12 13 14 15 | 15.9
Shields        | 3 5 |  5.0
Evocations     | 2 5 |  5.0
Spellcasting   | 3 |  3.6
Translocations | 3 |  3.6
Throwing       | |  1.7

Action                   |  1- 3 |  4- 6 |  7- 9 | 10-12 | 13-15 | 16-18 | 19-21 | 22-24 || total
-------------------------+-------+-------+-------+-------+-------+-------+-------+-------++-------
Melee: Flail             |   150 |    80 |       |       |       |       |       |       ||   230
       Morningstar       |       |    69 |    92 |       |       |       |  2082 |   397 ||  2640
       Dire flail        |       |       |   273 |   832 |  1370 |  1212 |    81 |       ||  3768
       Unarmed           |       |       |       |       |     3 |       |       |       ||     3
Throw: Throwing net      |       |     6 |     4 |     2 |     7 |       |       |       ||    19
Invok: Curse Item        |       |       |       |     1 |     1 |       |       |       ||     2
 Abil: Fly               |       |       |       |       |     1 |       |       |       ||     1
Evoke: Wand              |       |       |       |       |     3 |     1 |       |     1 ||     5
  Use: Scroll            |       |     1 |     4 |     8 |    12 |    13 |     5 |     1 ||    44
       Potion            |       |       |     7 |     2 |     4 |     5 |     5 |    14 ||    37
 Stab: Held in net/web   |       |       |     1 |       |     2 |       |       |       ||     3
       Invisible         |       |       |     5 |     3 |       |     2 |       |       ||    10
       Confused          |       |       |       |       |       |     2 |       |       ||     2
  Eat: Chunk             |     2 |     6 |    13 |    16 |    32 |    58 |    38 |     8 ||   173
       Ration            |       |       |       |     2 |     1 |       |       |       ||     3
Armor: Leather armour    |    88 |    61 |    29 |       |       |       |       |       ||   178
       Chain mail        |       |       |   139 |   423 |   590 |   740 |   950 |   242 ||  3084
Dodge: Dodged            |   118 |    99 |   196 |   340 |   627 |  1063 |  1633 |   293 ||  4369
Block: Other             |       |       |    52 |   117 |   168 |    12 |       |       ||   349
       Reflection        |       |       |     3 |     6 |     9 |       |       |       ||    18
       Buckler           |       |       |       |       |       |       |   770 |   162 ||   932

Table legend:
 A = Non-vault XP
 B = Vault XP
 C = Vault XP percentage of total XP
 D = Non-vault monster count
 E = Vault monster count
 F = Vault count percentage of total count
                 A         B        C        D         E       F
            +---------+---------+-------+---------+---------+-------
      Total |  313531 |  296048 |  48.6 |    1068 |     486 |  31.3
            +---------+---------+-------+---------+---------+-------
        D:1 |      67 |       6 |   8.2 |      34 |       4 |  10.5
        D:2 |      85 |       0 |   0.0 |      23 |       0 |   0.0
        D:3 |     265 |     263 |  49.8 |      24 |       2 |   7.7
        D:4 |     754 |     265 |  26.0 |      31 |       2 |   6.1
        D:5 |     490 |     807 |  62.2 |      22 |       2 |   8.3
        D:6 |     739 |       0 |   0.0 |      16 |       0 |   0.0
        D:7 |    1416 |       0 |   0.0 |      32 |       0 |   0.0
        D:8 |    2524 |       0 |   0.0 |      36 |       0 |   0.0
        D:9 |    1119 |       0 |   0.0 |      16 |       0 |   0.0
       D:10 |    2958 |    1438 |  32.7 |      26 |      17 |  39.5
       D:11 |    2703 |    1007 |  27.1 |      39 |       5 |  11.4
       D:12 |    9422 |    2737 |  22.5 |      59 |       5 |   7.8
       D:13 |    7756 |    3471 |  30.9 |      30 |      10 |  25.0
       D:14 |   10442 |     942 |   8.3 |      45 |       1 |   2.2
       D:15 |    8115 |    8775 |  52.0 |      28 |       8 |  22.2
     Lair:1 |    1694 |    3942 |  69.9 |       8 |       9 |  52.9
     Lair:2 |    6062 |     482 |   7.4 |      22 |       3 |  12.0
     Lair:3 |    5228 |    3380 |  39.3 |      20 |      34 |  63.0
     Lair:4 |    7983 |     870 |   9.8 |      30 |       3 |   9.1
     Lair:5 |    4764 |      42 |   0.9 |       8 |       6 |  42.9
     Lair:6 |   18163 |    9635 |  34.7 |      56 |      26 |  31.7
   Shoals:1 |   12883 |       0 |   0.0 |      22 |       0 |   0.0
   Shoals:2 |    9397 |    1926 |  17.0 |      20 |       1 |   4.8
   Shoals:3 |    8429 |       0 |   0.0 |      17 |       0 |   0.0
   Shoals:4 |   17201 |   21722 |  55.8 |      33 |      27 |  45.0
    Snake:1 |   10154 |    4488 |  30.7 |      19 |      16 |  45.7
    Snake:2 |   13200 |    9800 |  42.6 |      27 |      19 |  41.3
    Snake:3 |   22765 |       0 |   0.0 |      47 |       0 |   0.0
    Snake:4 |    9444 |   40807 |  81.2 |      22 |      58 |  72.5
      Orc:1 |    2740 |       0 |   0.0 |      33 |       0 |   0.0
      Orc:2 |    2260 |    5074 |  69.2 |      21 |      48 |  69.6
   Vaults:1 |   31910 |   13174 |  29.2 |      64 |      19 |  22.9
   Vaults:2 |   17352 |   20870 |  54.6 |      33 |      39 |  54.2
   Vaults:3 |   23212 |   47272 |  67.1 |      43 |      38 |  46.9
   Vaults:4 |   38880 |   45127 |  53.7 |      59 |      43 |  42.2
   Vaults:5 |     955 |   40614 |  97.7 |       3 |      24 |  88.9
   Gauntlet |       0 |    7112 | 100.0 |       0 |      17 | 100.0
            +---------+---------+-------+---------+---------+-------
